 Dungeon Crawl Stone Soup version 0.31-a0-1074-g0b22e4e0f1 (webtiles) character file.

Game seed: 15102493003175893223

206 DApurpleWHUMPUS the Magician (level 6, -5/41 HPs)
             Began as a Human Conjurer on Nov 27, 2023.
             Was a High Priest of Ignis.
             Slain by an iguana (7 damage)
             ... on level 4 of the Dungeon.
             The game lasted 00:06:53 (3177 turns).

DApurpleWHUMPUS the Magician (Human Conjurer)       Turns: 3177, Time: 00:06:54

Health: -5/41      AC:  5    Str:  7    XL:     6   Next: 10%
Magic:  1/13       EV: 12    Int: 18    God:    Ignis [*****.]
Gold:   83         SH:  0    Dex: 14    Spells: 11/15 levels left

rFire   + . .        (no weapon)
rCold   . . .        (no shield)
rNeg    . . .        a - +0 robe
rPois   .            q - +0 helmet
rElec   .            (no cloak)
rCorr   .            o - +0 pair of gloves
SInv    .            p - +0 pair of boots
Will    +....        (no amulet)
Stlth   ++           (no ring)
HPRegen 0.26/turn    (no ring)
MPRegen 0.13/turn

%: no passive effects
@: enlightened, flying, hasted, very quick
A: no striking features
a: Renounce Religion, Fiery Armour, Foxfire Swarm, Rising Flame


You were on level 4 of the Dungeon.
You worshipped Ignis.
Ignis was extremely pleased with you.
You visited 1 branch of the dungeon, and saw 4 of its levels.

You collected 218 gold pieces.
You spent 135 gold pieces at shops.

Inventory:

Armour
 a - a +0 robe (worn)
 o - a +0 pair of gloves (worn)
 p - a +0 pair of boots (worn)
 q - a +0 helmet (worn)
Jewellery
 m - a ring of ice
Scrolls
 c - 3 scrolls of teleportation {unknown}
 e - 2 scrolls of fog {unknown}
 g - a scroll of identify {unknown}
 h - a scroll of poison {unknown}
 i - a scroll of immolation {unknown}
 l - a scroll of revelation {unknown}
 r - a scroll of brand weapon {unknown}
 s - a scroll of enchant armour {unknown}
Potions
 b - a potion of magic
 f - a potion of haste
 j - a potion of brilliance {unknown}
 k - a potion of might {unknown}
 n - 2 potions of curing {unknown}


   Skills:
 - Level 2.0 Dodging
 - Level 2.0 Stealth
 * Level 5.0 Spellcasting
 - Level 4.0 Conjurations
 + Level 1.8 Fire Magic


You had 11 spell levels left.
You knew the following spells:

 Your Spells              Type           Power      Damage    Failure   Level
a - Magic Dart            Conj           76%        1d6       2%          1
b - Foxfire               Conj/Fire      60%        2x1d7     4%          1
c - Searing Ray           Conj           38%        2d5       3%          2

Your spell library contained the following spells:

 Spells                   Type           Power      Damage    Failure   Level
 Dazzling Flash           Conj/Hex       22%        N/A       17%         3
 Flame Wave               Conj/Fire      15%        2d7       36%         4
 Fulminant Prism          Conj/Hex       5%         3d7       50%         4
 Iskenderun's Mystic Bla  Conj/Tloc      11%        2d4       50%         4
 Fireball                 Conj/Fire      7%         3d5       73%         5
 Ignition                 Fire           5%         3d4       100%        8


Dungeon Overview and Level Annotations

Branches:
Dungeon (4/15)
 Temple: D:4-7

Altars:
Ignis

Shops:
D:1 [   D:3 (


Message History

Aiming: Searing Ray (safe; 3% risk of failure)
Press: ? - help, Shift-Dir - straight line, f - iguana
Aim: an iguana (81% to hit)
The searing ray hits the iguana.
The iguana is lightly wounded. (Press . to maintain the ray.)
The iguana bites you.
The searing ray hits the iguana.
The iguana is moderately wounded.
The iguana bites you.
The searing ray hits the iguana.
The iguana is heavily wounded.
The iguana bites you.
* * * LOW HITPOINT WARNING * * *
The searing ray hits the iguana.
The iguana is severely wounded.
You finish channelling your searing ray.
The iguana bites you!
* * * LOW HITPOINT WARNING * * *
The iguana bites you.
* * * LOW HITPOINT WARNING * * *
Your magical contamination has completely faded away.
Casting: Searing Ray (safe; 3% risk of failure)
Confirm with . or Enter, or press ? or * to list all spells.
Aiming: Searing Ray (safe; 3% risk of failure)
Press: ? - help, Shift-Dir - straight line, f/p - iguana
Aim: an iguana (severely wounded, 81% to hit)
The searing ray hits the iguana.
The iguana is almost dead. (Press . to maintain the ray.)
The iguana bites you but does no damage.
Okay, then.
It was a potion of enlightenment.
You feel very buoyant.
You fly up into the air.
The iguana closely misses you.
It was a potion of haste.
You feel yourself speed up. The iguana barely misses you.
Okay, then.
The iguana attacks as it pursues you! The iguana bites you!
You die...

.. ####..
##..... #....#
##.... ###...#
#....####
#.@l....#...
#...##<†......
#... ##.......
#.... #.##...
#..PP. ... ..
#..PP♣ ... ##.
. ..... # .
.... ....


You could see an iguana.

Vanquished Creatures
  2 orc priests (D:3)
  8 adders
  A white imp (D:4)
  A worm (D:2)
  2 dart slugs
  4 orcs (D:3)
  2 endoplasms
  A giant cockroach (D:1)
  11 hobgoblins
  3 kobolds
  2 quokkas (D:2)
  7 ball pythons
  2 bats
  4 frilled lizards
  6 goblins
  9 rats
65 creatures vanquished.

Vanquished Creatures (others)
  14 foxfires
14 creatures vanquished.

Grand Total: 79 creatures vanquished

Notes
Turn   | Place    | Note
-------+----------+-------------------------------------------
     0 | D:1      | DApurpleWHUMPUS the Human Conjurer began the quest for the
                  | Orb.
     0 | D:1      | Reached XP level 1. HP: 13/13 MP: 3/3
   165 | D:1      | Reached XP level 2. HP: 19/19 MP: 1/5
   483 | D:1      | Reached skill level 3 in Spellcasting
   536 | D:1      | Got the Octavo of the Tropics
   541 | D:1      | Found Faaskoodu's Armour Emporium.
   650 | D:1      | You fall into a shaft and drop 1 floor!
   663 | D:2      | Reached XP level 3. HP: 24/24 MP: 4/7
   722 | D:2      | Learned a level 1 spell: Foxfire
  1261 | D:2      | Found a faded altar of an unknown god.
  1261 | D:2      | Noticed an Ice Fiend
  1299 | D:2      | Prayed at the altar of an unknown god.
  1299 | D:2      | Became a worshipper of Ignis, the Dying Flame
  1478 | D:2      | Reached XP level 4. HP: 24/30 MP: 3/9
  1554 | D:3      | Found Biawok's Antique Weapon Shop.
  1614 | D:3      | Reached skill level 4 in Spellcasting
  1718 | D:2      | Learned a level 2 spell: Searing Ray
  2006 | D:3      | Reached skill level 1 in Fire Magic
  2006 | D:3      | Reached XP level 5. HP: 35/35 MP: 4/11
  2117 | D:3      | Identified the +0 leather armour "Exocen" {Drain +Inv rF+
                  | rN+}
  2406 | D:1      | Bought a +0 pair of gloves for 45 gold pieces
  2406 | D:1      | Bought a +0 pair of boots for 45 gold pieces
  2406 | D:1      | Bought a +0 helmet for 45 gold pieces
  3083 | D:4      | Noticed a water moccasin
  3090 | D:3      | Reached XP level 6. HP: 41/41 MP: 5/13
  3168 | D:4      | Reached skill level 5 in Spellcasting
  3171 | D:4      | HP: 2/41 [iguana (8)]
  3177 | D:4      | Slain by an iguana

Illustrated notes

Levels and vault maps discovered:
D:1:      dpeg_arrival_ratfight, layout_loops_cross, serial_shops, shop,
          kennysheep_boxes
D:2:      layout_basic, dreamdust_ecumenical_altar_sealed_demon
D:3:      layout_rooms, serial_shops, shop, grunt_ministairs_5,
          minmay_statues_item, serial_park_tiny_2, kennysheep_generic_room_16
D:4:      layout_cave_pools, mainiacjoe_overflow_surrounded_room,
          lemuel_temple_firewalk_a, serial_park, serial_park_paths
          [serial_park_minivault_5x5_8], serial_park_tiny_2,
          serial_park_tiny_pond, serial_park_square3
          [serial_park_minivault_5x5_1], serial_park_tiny_1, glass_columns_a

Skill      XL: |  1  2  3  4  5  6 |
---------------+-------------------+-----
Spellcasting   | 3 4 5 |  5.0
Fire Magic     | 1 |  1.8
Dodging        | |  2.0
Stealth        | |  2.0
Conjurations   | |  4.0

Action                     |  1- 3 |  4- 6 || total
---------------------------+-------+-------++-------
  Melee: Unarmed           |    45 |    11 ||    56
         Punch             |     1 |       ||     1
   Cast: Magic Dart        |    56 |    78 ||   134
         Foxfire           |     7 |     2 ||     9
         Searing Ray       |       |     5 ||     5
    Use: Potion            |       |     2 ||     2
 Armour: Robe              |    28 |    38 ||    66
  Dodge: Dodged            |    25 |    38 ||    63

Table legend: (Time is in decaauts)
 A = Elapsed time spent in this place.
 B = Non-inter-level travel time spent in this place.
 C = Inter-level travel time spent in this place.
 D = Time resting spent in this place.
 E = Time spent auto-exploring this place.
 F = Levels seen in this place.
 G = Mean time per level.
                   A        B        C        D        E       F      G
               +--------+--------+--------+--------+--------+-----+--------+
         Total |   3180 |   2864 |    316 |    297 |   2118 |   4 |  795.0 |
       Dungeon |   3180 |   2864 |    316 |    297 |   2118 |   4 |  795.0 |
               +--------+--------+--------+--------+--------+-----+--------+

Top non-repeatable levels by time:
     D:3: 1259 daAuts
     D:2: 1129 daAuts
     D:1: 741 daAuts
     D:4: 50 daAuts
